 Dungeon Crawl Stone Soup version 0.31-a0-188-g5e087ee2ca (webtiles) character file.

Game seed: 12937582610283607507

21 qw the Shooter (level 2, -9/16 HPs)
             Began as a Deep Elf Hunter on June 23, 2023.
             Mangled by Terence
             ... wielding a +0 flail
              (10 damage)
             ... on level 1 of the Dungeon.
             The game lasted 00:00:14 (804 turns).

qw the Shooter (Deep Elf Hunter)                     Turns: 804, Time: 00:00:15

Health: -9/16      AC:  5    Str:  8    XL:     2   Next: 62%
Magic:  4/4        EV: 10    Int: 13    God:
Gold:   45         SH:  0    Dex: 18    Spells: 1/1 levels left

rFire   . . .        Y - +0 shortbow
rCold   . . .        (shield currently unavailable)
rNeg    . . .        f - +0 ring mail
rPois   .            (no helmet)
rElec   .            (no cloak)
rCorr   .            (no gloves)
SInv    .            (no boots)
Will    .....        (no amulet)
Stlth   +            (no ring)
HPRegen 0.22/turn    (no ring)
MPRegen 0.09/turn

%: no passive effects
@: no status effects
A: no striking features
a: no special abilities


You were on level 1 of the Dungeon.
You visited 1 branch of the dungeon, and saw 2 of its levels.

You collected 45 gold pieces.


   Skills:
 - Level 1.5 Fighting
 + Level 6.4 Ranged Weapons
 - Level 2.4 Dodging
 - Level 1.2 Stealth


You had one spell level left.
You didn't know any spells.
Your spell library was empty.

Inventory:

Hand Weapons
 Y - a +0 shortbow (weapon)
Armour
 f - a +0 ring mail (worn)
Potions
 e - a potion of degeneration {unknown}
 h - a potion of curing {unknown}

Dungeon Overview and Level Annotations

Branches:
Dungeon (2/15)

Altars:

Annotations:
D:1 Terence


Message History

There are monsters nearby!
Waypoint 1 assigned to D:2.
You shoot an arrow. The arrow hits Terence.
Terence is lightly wounded.
You shoot an arrow. The arrow barely misses Terence.
Terence barely misses you.
You shoot an arrow. The arrow barely misses Terence.
The bat closely misses you. Terence hits you with a +0 flail.
795 ||| STAIRDANCE The bat barely misses you.
Terence hits you with a +0 flail.
You climb upwards.
There is a stone staircase leading down here.
Enter note:
Enter note:
Enter note:
Enter note: You shoot an arrow.
The arrow barely misses Terence.
Terence says, "Did you write a will?
You should..."
Terence barely misses you.
You shoot an arrow. The arrow barely misses Terence.
Terence hits you with a +0 flail.
You shoot an arrow. The arrow barely misses Terence.
Terence hits you but does no damage. Terence barely misses you.
You shoot an arrow.
The arrow hits Terence but does no damage.
Terence hits you with a +0 flail.
You shoot an arrow.
The arrow hits Terence but does no damage.
Terence hits you with a +0 flail.
You shoot an arrow. The arrow hits Terence.
Terence is moderately wounded.
Terence barely misses you.
You shoot an arrow. The arrow hits Terence.
Terence is heavily wounded.
Terence barely misses you. Terence hits you with a +0 flail.
You shoot an arrow.
The arrow hits Terence but does no damage.
Terence is heavily wounded.
Terence hits you with a +0 flail!
Ouch! That really hurt!
You die...

#.###).# #.##.# ### #.# #..#
#.##.# #. #.# #..###.##.# #.
#(# #......##.# #.
#######.###...#####.# ##
#........##...# #%# #
###.~.~~~~......#####.#####
###....####~.##..............
#.%.~~.#~8#.@@..........#####
#.~~####..#~..###.###########
#.~##~~.~##~.## #.##.......#
#.~#~~.~.#..## #.##.#####.#
#.~'~~~..~..#####.......##.##
#..'..~._#~..........##.##...
#..'~..~~#.~.##########.#####
#.~#....~~..## #.#
#.~##~~.~##~# #.#


You could see Terence.

Vanquished Creatures
  A ball python (D:1)
  2 endoplasms (D:1)
  A giant cockroach (D:1)
  A goblin (D:1)
  2 hobgoblins (D:1)
  2 kobolds (D:1)
  4 quokkas (D:1)
  A bat (D:1)
  2 frilled lizards (D:1)
  A rat (D:1)
  A spectral kobold (D:1)
18 creatures vanquished.

Notes
Turn   | Place    | Note
-------+----------+-------------------------------------------
     0 | D:1      | qw the Deep Elf Hunter began the quest for the Orb.
     0 | D:1      | Reached XP level 1. HP: 12/12 MP: 3/3
     0 | D:1      | 0 ||| qw: Version: 0.3-a-9-g12657ce
     0 | D:1      | 0 ||| qw: Game counter: 3624
     0 | D:1      | 0 ||| qw: Always use a shield: true
     0 | D:1      | 0 ||| qw: God list: Okawaru
     0 | D:1      | 0 ||| qw: Allow faded altars: false
     0 | D:1      | 0 ||| qw: Do Orc after D:15 true
     0 | D:1      | 0 ||| qw: Do second Lair branch before Depths: true
     0 | D:1      | 0 ||| qw: Lair rune preference: random
     0 | D:1      | 0 ||| qw: Plans: Normal
     0 | D:1      | 0 ||| PLANNING D:1-11
   132 | D:1      | Reached skill level 6 in Ranged Weapons
   132 | D:1      | Reached XP level 2. HP: 16/16 MP: 4/4
   188 | D:1      | Found a faded altar of an unknown god.
   753 | D:1      | 753 ||| UPGRADING to +0 ring mail.
   763 | D:1      | 763 ||| DROPPING +0 leather armour.
   764 | D:1      | 764 ||| READING scroll labelled HATUOQ AFU.
   765 | D:1      | 765 ||| READING scroll labelled RIUROQ YPHURCH.
   766 | D:1      | 766 ||| READING scroll labelled VIUGOH AQIASAGU.
   767 | D:1      | 767 ||| DROPPING scroll of butterflies.
   791 | D:2      | Noticed Terence
   795 | D:2      | 795 ||| STAIRDANCE
   801 | D:1      | HP: 4/16 [Terence/+0 flail (3)]
   803 | D:1      | HP: 1/16 [Terence/+0 flail (4)]
   804 | D:1      | Mangled by Terence

Levels and vault maps discovered:
D:1:      minmay_arrival_open_corners, layout_loops_ring,
          dreamdust_ecumenical_altar_drowned_temple,
          minmay_misc_feat_nine_boxes, kennysheep_crisscross
D:2:      layout_rooms, serial_bayou_lagoon_b, uniq_terence, uniq_natasha,
          uniq_jessica

Skill      XL: |  1 |
---------------+----+-----
Ranged Weapons | 6 |  6.4
Fighting       | |  1.5
Dodging        | |  2.4
Stealth        | |  1.2

Action                     || total
---------------------------++-------
   Fire: Shortbow          ||    51
    Use: Scroll            ||     3
 Armour: Leather armour    ||     4
         Ring mail         ||     1
  Dodge: Dodged            ||     8

Table legend:
 A = Non-vault XP
 B = Vault XP
 C = Vault XP percentage of total XP
 D = Non-vault monster count
 E = Vault monster count
 F = Vault count percentage of total count
                 A         B        C        D         E       F
            +---------+---------+-------+---------+---------+-------
      Total |      29 |       1 |   3.3 |      17 |       1 |   5.6
            +---------+---------+-------+---------+---------+-------
        D:1 |      29 |       1 |   3.3 |      17 |       1 |   5.6
            +---------+---------+-------+---------+---------+-------
